 Dungeon Crawl Stone Soup version 0.28.0-1-gb440e238dd (webtiles) character file.

Game seed: 16850464611727176850

3317 cbfl8 the Cleaver (level 9, -1/79 HPs)
             Began as a Minotaur Delver on Feb 24, 2022.
             Was a Priest of Trog.
             Slain by an orc warrior (11 damage)
             ... on level 7 of the Dungeon.
             The game lasted 00:13:17 (9222 turns).

cbfl8 the Cleaver (Minotaur Delver)                 Turns: 9222, Time: 00:13:17

Health: -1/79      AC: 14    Str: 26    XL:     9   Next: 71%
Magic:  8/8        EV: 13    Int:  7    God:    Trog [***...]
Gold:   233        SH:  0    Dex: 13    Spells: 8/8 levels left

rFire   . . .      SeeInvis .   D - +3 war axe (elec)
rCold   . . .      Faith    .   (no shield)
rNeg    . . .      Spirit   .   f - +5 ring mail "Vezoineu" {rF- rC+ Str+6}
rPois   +          Reflect  .   (helmet restricted)
rElec   .          Harm     .   (no cloak)
rCorr   .          Rampage  .   e - +0 pair of gloves
Will    .....                   j - +0 pair of boots
Stlth   ++........              (no amulet)
HPRegen 0.23/turn               o - ring of poison resistance
MPRegen 0.11/turn               w - ring of fire

@: no status effects
A: horns 2, retaliatory headbutt
a: Renounce Religion, Berserk, Trog's Hand


You were on level 7 of the Dungeon.
You worshipped Trog.
Trog was most pleased with you.
You visited 2 branches of the dungeon, and saw 8 of its levels.

You collected 515 gold pieces.
You spent 282 gold pieces at shops.

Inventory:

Hand Weapons
 a - a +0 hand axe
 m - a +0 long sword
 C - a +0 arbalest
 D - a +3 war axe of electrocution (weapon)
 H - a +3 long sword
Armour
 b - a +0 leather armour
 e - a +0 pair of gloves (worn)
 f - the +5 ring mail "Vezoineu" (worn) {rF- rC+ Str+6}
   (You took it off a hobgoblin on level 4 of the Dungeon)

   Str:       It affects your strength (+6).
   rF:        It makes you vulnerable to fire.
   rC:        It protects you from cold.
 j - a +0 pair of boots (worn)
 y - a +0 plate armour
Jewellery
 o - a ring of poison resistance (left hand)
 v - a ring of resist corrosion
 w - a ring of fire (right hand)
 B - a ring of positive energy
Wands
 g - a wand of digging (3)
 A - a wand of flame (21)
 G - a wand of polymorph (5)
Scrolls
 c - a scroll of fog
 d - 2 scrolls of magic mapping
 i - a scroll of teleportation {unknown}
 l - 3 scrolls of brand weapon
 q - 2 scrolls of blinking
 r - 2 scrolls of enchant weapon
 t - a scroll of amnesia
 x - 2 scrolls of vulnerability {unknown}
 z - 2 scrolls of noise {unknown}
 F - a scroll of torment {unknown}
Potions
 h - 5 potions of curing
 k - a potion of ambrosia {unknown}
 n - 2 potions of might {unknown}
 p - a potion of magic {unknown}
 s - 2 potions of attraction {unknown}
 u - a potion of lignification {unknown}
 E - 2 potions of brilliance {unknown}


   Skills:
 + Level 7.2 Fighting
 + Level 6.6 Long Blades
 + Level 8.4 Axes
 + Level 7.3 Armour
 + Level 5.8 Dodging
 + Level 5.9 Stealth


You had 8 spell levels left.
You didn't know any spells.
Your spell library contained the following spells:

 Spells                   Type           Power      Damage    Failure   Level
 Beastly Appendage        Tmut           0%         N/A       54%         1
 Sting                    Tmut/Pois      0%         1d3       54%         1
 Poisonous Vapours        Pois/Air       0%         N/A       69%         2
 Wereblood                Tmut           0%         N/A       69%         2
 Gell's Gravitas          Tloc           0%         N/A       89%         3
 Lesser Beckoning         Tloc           0%         N/A       89%         3
 Spider Form              Tmut/Pois      0%         N/A       89%         3
 Teleport Other           Tloc           0%         N/A       89%         3
 Olgreb's Toxic Radiance  Pois           0%         N/A       100%        4


Dungeon Overview and Level Annotations

Branches:
Dungeon (7/15)             Temple (1/1) D:4

Altars:
Ashenzari
Cheibriados
Dithmenos
Elyvilon
Fedhas
Gozag
Hepliaklqana
Kikubaaqudgha
Makhleb
Okawaru
Qazlal
Sif Muna
Trog
Uskayaw
Vehumet
Wu Jian
Xom
Yredelemnul
Zin
The Shining One

Shops:
D:6 (*

Annotations:
D:5 2 transporters, mortz's ghost, novice HuCj
D:7 1 runed translucent door, Crazy Yiuf


Innate Abilities, Weirdness & Mutations

You have a pair of horns on your head.
You reflexively headbutt those who attack you in melee.


Message History

The orc warrior hits you but does no damage.
There is an escape hatch in the floor here.
You barely miss the orc warrior.
The orc warrior hits you with a +0 short sword!
You hit the orc warrior but do no damage.
You headbutt the orc warrior.
The orc warrior is lightly wounded.
The orc warrior hits you with a +0 short sword!
You hit the orc warrior.
Lightning courses through the orc warrior!
You punch the orc warrior.
The orc warrior is almost dead.
The orc warrior completely misses you.
You slash the orc warrior!
You kill the orc warrior!
Trog accepts your kill.
Things that are here:
a +0 short sword; a +0 plate armour; an orc corpse You start resting.
An orc warrior is nearby!
There is an escape hatch in the floor, spattered with blood here.
Things that are here:
a +0 short sword; a +0 plate armour; an orc corpse The orc warrior hits you with a +0 battleaxe!!
There is an escape hatch in the floor, spattered with blood here.
You closely miss the orc warrior. You hit the orc warrior.
The orc warrior is lightly wounded.
The orc warrior hits you with a +0 battleaxe!
* * * LOW HITPOINT WARNING * * *
You closely miss the orc warrior.
The orc warrior is lightly wounded.
The orc warrior closely misses you. You furiously retaliate!
You headbutt the orc warrior. You completely miss the orc warrior.
You headbutt the orc warrior!
The orc warrior is severely wounded.
The orc warrior hits you with a +0 battleaxe.
* * * LOW HITPOINT WARNING * * *
The orc warrior hits you with a +0 battleaxe!
You die...

#.# #P
#...o.....
#..#
#......#+# ..#
#))##..# ..#
#...#..# ..#
#)).# .# .##
#))(# .. .#
#'### g.
.##### ##.)#
..#..# ##.o@#
#....# #..###
##...# ##..#
#...# ####..##
#...# ##.#...#
#...# #.....##
##...####.####
#.....##..#
.......#..#


You could see an orc warrior.

Vanquished Creatures
  2 hornets (D:7)
  Prince Ribbit (D:5)
  3 orc warriors
  3 black bears
  A sky beast (D:7)
  3 ogres
  A centaur (D:5)
  A phantom (D:7)
  2 kobold brigands (D:7)
  2 scorpions
  A bullfrog (D:7)
  A wyvern zombie (D:6)
  2 wyvern skeletons (D:7)
  A water moccasin zombie (D:6)
  5 wights (D:7)
  2 hounds (D:4)
  A bullfrog zombie (D:6)
  A bullfrog skeleton (D:6)
  3 orc priests
  2 gnoll shamans (D:7)
  5 iguanas
  8 orc wizards
  2 hound skeletons
  12 gnolls
  2 howler monkey skeletons
  3 adders
  A shadow imp (D:7)
  A white imp (D:7)
  3 adder skeletons (D:2)
  An adder zombie (D:5)
  A worm (D:4)
  4 dart slugs
  14 orcs
  6 ball pythons
  5 endoplasms
  6 giant cockroaches
  6 goblins
  9 hobgoblins
  4 jackals (D:2)
  4 quokkas
  2 bats
  3 frilled lizards
  A jackal skeleton (D:2)
  11 kobolds
  A quokka skeleton (D:2)
  5 rats
158 creatures vanquished.

Vanquished Creatures (others)
  An orc wizard (D:6)
  2 fungi (D:7)
  5 plants (D:7)
  4 withered plants (D:2)
12 creatures vanquished.

Grand Total: 170 creatures vanquished

Notes
Turn   | Place    | Note
-------+----------+-------------------------------------------
     0 | D:5      | cbfl8 the Minotaur Delver began the quest for the Orb.
     0 | D:5      | Reached XP level 1. HP: 19/19 MP: 0/0
     9 | D:5      | Noticed a centaur
   449 | D:4      | Noticed a scorpion
   566 | D:5      | Noticed an iguana
   791 | D:4      | Noticed a hound
   800 | D:4      | Noticed a hound
   804 | D:4      | Killed a hound
   805 | D:4      | Reached XP level 2. HP: 11/27 MP: 1/1
   805 | D:4      | Reached XP level 3. HP: 14/33 MP: 2/2
   811 | D:4      | Reached skill level 1 in Armour
   811 | D:4      | Reached skill level 5 in Stealth
   811 | D:4      | Reached XP level 4. HP: 17/40 MP: 3/3
   946 | D:4      | Identified the +5 ring mail "Vezoineu" {rF- rC+ Str+6}
  1013 | D:4      | Found a staircase to the Ecumenical Temple.
  1027 | Temple   | Entered the Ecumenical Temple
  1216 | Temple   | Became a worshipper of Trog the Wrathful
  1423 | D:4      | Noticed a black bear
  1448 | D:4      | Killed a black bear
  1449 | D:4      | Reached skill level 3 in Axes
  1449 | D:4      | Reached XP level 5. HP: 39/47 MP: 4/4
  1889 | D:4      | Reached XP level 6. HP: 49/53 MP: 5/5
  1922 | D:4      | Reached skill level 4 in Axes
  3405 | D:2      | Found a faded altar of an unknown god.
  3531 | D:2      | Reached skill level 1 in Long Blades
  3542 | D:2      | Reached * piety under Trog
  4746 | D:1      | Reached ** piety under Trog
  5052 | D:5      | Reached XP level 7. HP: 52/60 MP: 6/6
  5200 | D:5      | Noticed a toenail golem
  5216 | D:5      | Found a transporter.
  5228 | D:5      | Noticed mortz's ghost (novice HuCj)
  5250 | D:5      | Found a transporter.
  5297 | D:5      | Noticed Prince Ribbit
  5313 | D:5      | Killed Prince Ribbit
  5314 | D:5      | Reached skill level 5 in Fighting
  5938 | D:6      | Found an iron altar of Okawaru.
  5943 | D:6      | Reached skill level 5 in Long Blades
  6061 | D:6      | Reached XP level 8. HP: 61/68 MP: 7/7
  6066 | D:6      | Found Patel's Weapon Shop.
  6356 | D:6      | Bought a +3 war axe of electrocution for 282 gold pieces
  6380 | D:6      | Found Mypiw's Gadget Gallery.
  6582 | D:6      | Reached skill level 5 in Armour
  7107 | D:7      | Found a glowing silver altar of Zin.
  7154 | D:7      | Noticed a hornet
  7169 | D:7      | Reached skill level 5 in Axes
  7176 | D:7      | Killed a hornet
  7177 | D:7      | Reached skill level 5 in Dodging
  7597 | D:7      | Found a glowing golden altar of the Shining One.
  7600 | D:7      | Reached skill level 6 in Axes
  7600 | D:7      | Reached XP level 9. HP: 74/75 MP: 8/8
  7674 | D:7      | Found a shimmering altar of Xom.
  7770 | D:7      | Reached *** piety under Trog
  8091 | D:7      | Reached skill level 7 in Axes
  8997 | D:7      | Found a runed translucent door.
  8998 | D:7      | Noticed Crazy Yiuf
  9093 | D:7      | Reached skill level 8 in Axes
  9222 | D:7      | Slain by an orc warrior

Illustrated notes

Levels and vault maps discovered:
D:1:      dpeg_arrival_simpleton_c, layout_basic
D:2:      layout_basic, serial_undead, serial_undead_a, serial_undead_b,
          serial_undead_f, serial_undead_f,
          dreamdust_ecumenical_altar_angels_and_demons
D:3:      layout_basic
D:4:      layout_layer_cave, minmay_temple_entry_waves
D:5:      layout_gridville, gammafunk_ghost_abyssal_escape, uniq_prince_ribbit1
D:6:      layout_basic, okawaru_trees_2, serial_shops,
          nicolae_shop_bloodbath_and_beyond, nicolae_shop_gadgets
D:7:      kennysheep_seaside_town, layout_layer_cave, amcnicky_altar_gilded,
          mainiacjoe_overflow_catwalk, zin_academy, serial_bayou_pond_d,
          amcnicky_mini_pool_small, minmay_fractal_squares_gapless_5,
          uniq_crazy_yiuf_cottage
Temple:   eino_temple_scatter_basement

Skill      XL: |  1  2  3  4  5  6  7  8  9 |
---------------+----------------------------+-----
Fighting       | 4 5 6 7 |  7.2
Armour         | 1 2 3 4 5 7 |  7.3
Stealth        | 5 |  5.9
Axes           | 3 4 6 8 |  8.4
Dodging        | 3 4 5 |  5.8
Long Blades    | 2 5 6 |  6.6

Action                   |  1- 3 |  4- 6 |  7- 9 || total
-------------------------+-------+-------+-------++-------
Melee: Hand axe          |    17 |    37 |       ||    54
       Headbutt          |     2 |    28 |    32 ||    62
       Punch             |     1 |     1 |     2 ||     4
       Long sword        |       |   127 |    65 ||   192
       War axe           |       |       |   110 ||   110
Invok: Berserk           |       |       |     3 ||     3
       Trog's Hand       |       |       |     2 ||     2
  Use: Scroll            |     1 |       |     4 ||     5
       Potion            |     1 |       |     2 ||     3
 Stab: Sleeping          |       |     6 |     1 ||     7
Armor: Leather armour    |    10 |       |       ||    10
       Ring mail         |       |   110 |   123 ||   233
Dodge: Dodged            |    22 |   148 |   162 ||   332
